 Dungeon Crawl Stone Soup version 0.30-a0-359-gd0147acb1a (webtiles) character file.

Game seed: 16106175184594113075

574 flotson the Trooper (level 7, 0/82 HPs)
             Began as a Demonspawn Delver on Nov 11, 2022.
             Succumbed to a scorpion's poison
             ... on level 5 of the Dungeon.
             The game lasted 00:07:12 (3438 turns).

flotson the Trooper (Demonspawn Delver)             Turns: 3438, Time: 00:07:12

Health: 0/82       AC: 14    Str: 14    XL:     7   Next: 12%
Magic:  1/2        EV: 10    Int: 11    God:
Gold:   285        SH:  0    Dex: 15    Spells: 6/6 levels left

rFire   + . .      SeeInvis .    a - +2 whip (antimagic)
rCold   + . .      Faith    .    (no shield)
rNeg    . . .      Spirit   +    A - +1 scale mail {rF+}
rPois   .          Reflect  .    v - +0 helmet
rElec   .          Harm     .    (no cloak)
rCorr   .          Rampage  .    i - +1 pair of gloves
Will    +....                    z - +0 pair of boots
Stlth   ..........               G - amulet of guardian spirit
HPRegen 0.33/turn                n - ring of protection from cold
MPRegen 0.08/turn                u - ring of willpower

@: berserking, lethally poisoned (0 -> -11), very quick
A: yellow scales 1, powered by death 1, demonic magic 1
a: no special abilities


You were on level 5 of the Dungeon.
You visited 2 branches of the dungeon, and saw 6 of its levels.

You collected 285 gold pieces.

Inventory:

Hand Weapons
 a - a +2 antimagic whip (weapon)
 b - a +0 sling
 F - a +0 hand axe
Missiles
 C - 2 poisoned darts
Armour
 i - a +1 pair of gloves (worn)
 v - a +0 helmet (worn)
 z - a +0 pair of boots (worn)
 A - a +1 scale mail of fire resistance (worn)
Jewellery
 n - a ring of protection from cold (left hand)
 u - a ring of willpower (right hand)
 x - an amulet of the acrobat
 G - an amulet of guardian spirit (around neck)
Wands
 g - a wand of digging (3)
 h - a wand of polymorph (4)
Scrolls
 c - a scroll of fog
 d - 2 scrolls of magic mapping
 e - 4 scrolls of fear
 f - a scroll of blinking {unknown}
 j - 2 scrolls of enchant armour {unknown}
 k - 6 scrolls of identify {unknown}
 m - 3 scrolls of poison {unknown}
 o - a scroll of silence {unknown}
 t - a scroll of torment {unknown}
 w - a scroll of vulnerability {unknown}
 y - a scroll of teleportation {unknown}
 D - a scroll of enchant weapon {unknown}
Potions
 l - a potion of mutation {unknown}
 p - 2 potions of lignification {unknown}
 q - a potion of degeneration {unknown}
 r - a potion of heal wounds {unknown}
 s - 2 potions of berserk rage
 B - a potion of magic {unknown}
 E - a potion of ambrosia {unknown}


   Skills:
 + Level 4.6 Fighting
 - Level 1.7 Axes
 + Level 2.3 Throwing
 + Level 2.9 Armour
 + Level 3.5 Dodging
 - Level 4.5 Stealth
 + Level 3.2 Evocations


You had 6 spell levels left.
You didn't know any spells.
Your spell library contained the following spells:

 Spells                   Type           Power      Damage    Failure   Level
 Sting                    Tmut/Pois      0%         1d3       82%         1
 Blink                    Tloc           0%         N/A       91%         2
 Momentum Strike          Conj/Tloc      0%         3d8       91%         2
 Poisonous Vapours        Pois/Air       0%         N/A       91%         2
 Lesser Beckoning         Tloc           0%         N/A       99%         3
 Olgreb's Toxic Radiance  Pois           0%         N/A       100%        4


Dungeon Overview and Level Annotations

Branches:
Dungeon (5/15)             Temple (1/1) D:4

Altars:
Fedhas
Hepliaklqana
Makhleb
Nemelex Xobeh
Qazlal
Sif Muna
Trog
Uskayaw
Wu Jian
Yredelemnul


Innate Abilities, Weirdness & Mutations

You are partially covered in yellow scales. (AC +2)
You regenerate a little health from kills.
Spells you cast may paralyse adjacent enemies.


Message History

You are more poisoned.
The scorpion poisons you!
Unknown command.
You hit the scorpion.
The scorpion is heavily wounded.
You feel extremely sick.
The scorpion stings you but does no damage.
Unknown command.
You are too injured to fight recklessly!
Unknown command.
You are too injured to fight recklessly!
Unknown command.
You are too injured to fight recklessly!
You hit the scorpion.
The scorpion is severely wounded.
You feel very sick. The scorpion stings you.
You are lethally poisoned!
The scorpion poisons you! The scorpion barely misses you.
You closely miss the scorpion.
The scorpion is severely wounded.
* * * LOW HITPOINT WARNING * * *
You feel very sick. The scorpion barely misses you.
You closely miss the scorpion.
The scorpion is severely wounded.
* * * LOW HITPOINT WARNING * * *
You feel very sick.
The scorpion stings you but does no damage.
You hit the scorpion.
The scorpion is severely wounded.
* * * LOW HITPOINT WARNING * * *
You feel very sick. The scorpion stings you.
* * * LOW HITPOINT WARNING * * *
The scorpion stings you but does no damage.
It was a potion of berserk rage.
A red film seems to cover your vision as you go berserk!
You feel yourself moving faster!
You feel mighty!
You die...

##...#....#........#
#....##........)....
#.....##......>.....
#.........#.........
#........#.........
##...###.##........
##.###.......##...
#.s......#..## .## ##
## ##@.##..##...##
##.##.##..##..###.....
#..........##........#
#.........<#..)...###
###........#..†...#
#....).††........#
#..#<##............
####.######.##..#..
### ### ### .


You could see a scorpion.

Vanquished Creatures
  2 black bears
  An ogre (D:5)
  A phantom (D:4)
  A hound (D:5)
  8 gnolls
  5 adders
  2 worms
  3 dart slugs
  6 orcs
  11 ball pythons
  5 bats (D:2)
  2 endoplasms
  3 giant cockroaches
  5 goblins
  4 hobgoblins
  2 quokkas
  5 frilled lizards
  3 kobolds
  6 rats
75 creatures vanquished.

Vanquished Creatures (others)
  8 plants (D:2)
  9 withered plants (D:2)
17 creatures vanquished.

Grand Total: 92 creatures vanquished

Notes
Turn   | Place    | Note
-------+----------+-------------------------------------------
     0 | D:5      | flotson the Demonspawn Delver began the quest for the Orb.
     0 | D:5      | Reached XP level 1. HP: 18/18 MP: 1/1
    34 | D:5      | Gained mutation: You regenerate a little health from kills.
                  | [demonic ancestry]
    34 | D:5      | Reached XP level 2. HP: 24/24 MP: 2/2
    42 | D:5      | Noticed a black bear
   117 | D:4      | Found a staircase to the Ecumenical Temple.
   126 | Temple   | Entered the Ecumenical Temple
   126 | Temple   | Found a transporter.
   126 | Temple   | Found a transporter.
   128 | Temple   | Found a transporter.
   128 | Temple   | Found a transporter.
   165 | D:4      | Noticed a phantom
   230 | D:4      | Reached skill level 1 in Evocations
   328 | D:4      | Reached skill level 1 in Armour
   428 | D:3      | Reached XP level 3. HP: 29/29 MP: 3/3
   433 | D:3      | Found a hazy altar of Hepliaklqana.
  1697 | D:2      | Reached XP level 4. HP: 35/35 MP: 4/4
  1840 | D:2      | Found a faded altar of an unknown god.
  2664 | D:4      | Gained mutation: You are partially covered in yellow
                  | scales. (AC +2) [demonic ancestry]
  2664 | D:4      | Reached XP level 5. HP: 25/42 MP: 1/5
  2752 | D:4      | Reached skill level 1 in Throwing
  2853 | D:4      | Found a blossoming altar of Fedhas.
  2928 | D:4      | Killed a phantom
  3181 | D:5      | Noticed a black bear
  3206 | D:4      | Killed a black bear
  3207 | D:4      | Gained mutation: Spells you cast may paralyse adjacent
                  | enemies. [demonic ancestry]
  3207 | D:4      | Reached XP level 6. HP: 35/48 MP: 2/6
  3320 | D:5      | Reached XP level 7. HP: 24/55 MP: 1/7
  3437 | D:5      | HP: 1/55 [scorpion (4)]
  3438 | D:5      | Succumbed to a scorpion's poison

Illustrated notes

Levels and vault maps discovered:
D:1:      minmay_arrival_diagonal_passages, layout_loops_ring
D:2:      layout_basic, shapermc_ecumenical_altar_flowoftime
D:3:      layout_rooms, marbit_many_paths, kennysheep_generic_room_13
D:4:      layout_basic, fedhas_altar_2, minmay_temple_entry_slanted
D:5:      layout_cave_pools, nrook_mini_backslash
Temple:   hellmonk_temple_divided_pantheon

Skill      XL: |  1  2  3  4  5  6 |
---------------+-------------------+-----
Dodging        | 2 3 |  3.5
Evocations     | 1 2 3 |  3.2
Armour         | 1 2 |  2.9
Throwing       | 1 2 |  2.3
Fighting       | 4 |  4.6
Axes           | |  1.7
Stealth        | |  4.5

Action                   |  1- 3 |  4- 6 |  7- 9 || total
-------------------------+-------+-------+-------++-------
Melee: Hand axe          |   102 |     1 |       ||   103
       Punch             |     1 |     3 |       ||     4
       Whip              |       |   144 |    16 ||   160
 Fire: Sling             |    32 |    72 |       ||   104
  Use: Potion            |     1 |       |     1 ||     2
 Stab: Sleeping          |     6 |       |       ||     6
Armor: Leather armour    |    35 |       |       ||    35
       Scale mail        |    19 |   141 |     7 ||   167
Dodge: Dodged            |    83 |   157 |     6 ||   246

Table legend: (Time is in decaauts)
 A = Elapsed time spent in this place.
 B = Non-inter-level travel time spent in this place.
 C = Inter-level travel time spent in this place.
 D = Time resting spent in this place.
 E = Time spent auto-exploring this place.
 F = Levels seen in this place.
 G = Mean time per level.
                   A        B        C        D        E       F      G
               +--------+--------+--------+--------+--------+-----+--------+
         Total |   3515 |   3249 |    266 |    165 |   2056 |   6 |  585.8 |
       Dungeon |   3477 |   3211 |    266 |    165 |   2049 |   5 |  695.4 |
        Temple |     37 |     37 |      0 |      0 |      7 |   1 |   37.0 |
               +--------+--------+--------+--------+--------+-----+--------+

Top non-repeatable levels by time:
     D:2: 843 daAuts
     D:4: 806 daAuts
     D:1: 780 daAuts
     D:3: 751 daAuts
     D:5: 296 daAuts
  Temple: 37 daAuts
